 Dungeon Crawl Stone Soup version 0.20-a0-1122-gb7cbeb9 (webtiles) character file.

319 JiminyMac the Chopper (level 6, -1/56 HPs)
             Began as a Minotaur Berserker on May 14, 2017.
             Was a Believer of Trog.
             Slain by a killer bee (3 damage)
             ... on level 4 of the Dungeon.
             The game lasted 00:04:59 (2511 turns).

JiminyMac the Chopper (Minotaur Berserker)          Turns: 2511, Time: 00:04:59

Health: -1/56      AC:  3    Str: 25    XL:     6   Next: 21%
Magic:  5/5        EV: 12    Int:  4    God:    Trog [**....]
Gold:   132        SH:  0    Dex: 10    Spells: 5/5 levels left

rFire    . . .     SeeInvis .   a - +0 hand axe
rCold    . . .     Gourm    .   (no shield)
rNeg     . . .     Faith    .   b - +0 animal skin
rPois    .         Spirit   .   (helmet restricted)
rElec    .         Reflect  .   (no cloak)
rCorr    .         Harm     .   m - +0 pair of gloves
MR       .....                  (no boots)
Stlth    +.........             e - amulet of inaccuracy (curse)
Regen    0.2/turn               o - +2 ring of strength
MPRegen  0.1/turn               (no ring)

@: lethally poisoned (-1 -> -18), slowed, very slow
A: retaliatory headbutt, horns 2
a: Berserk, Trog's Hand, Burn Spellbooks, Renounce Religion


You were on level 4 of the Dungeon.
You worshipped Trog.
Trog was pleased with you.
You were very hungry.

You visited 1 branch of the dungeon, and saw 4 of its levels.

You collected 132 gold pieces.

Inventory:

Hand Weapons
 a - a +0 hand axe (weapon)
Armour
 b - a +0 animal skin (worn)
 m - a +0 pair of gloves (worn)
Jewellery
 e - a cursed amulet of inaccuracy (around neck)
 h - a +5 amulet of reflection {unknown}
 o - a +2 ring of strength (left hand)
Scrolls
 i - 2 scrolls of identify
 q - a scroll of teleportation
 s - a scroll of fog
Potions
 d - a potion of agility {unknown}
 g - 2 potions of haste
 j - a potion of magic {unknown}
 n - 2 potions of heal wounds {unknown}
 p - a potion of curing
Books
 r - a book of Misfortune

   Spells                             Type                      Level
   a - Confusing Touch                Hexes                        1
   b - Confuse                        Hexes                        3
   c - Gell's Gravitas                Translocation                3
   d - Petrify                        Transmutation/Earth          4
   e - Metabolic Englaciation         Hexes/Ice                    5
   f - Yara's Violent Unravelling     Hexes/Transmutation          5
   Trog disapproves of the use of such an item.
Comestibles
 c - 5 bread rations
 f - 4 meat rations
 k - 3 chunks of flesh
 l - a fruit


   Skills:
 + Level 5.2 Fighting
 * Level 6.6 Axes
 + Level 4.3 Armour
 - Level 2.1 Dodging


You had 5 spell levels left.
You didn't know any spells.

Dungeon Overview and Level Annotations

Branches:
Dungeon (4/15)
 Temple: D:4-7

Altars:
Trog


Innate Abilities, Weirdness & Mutations

You reflexively headbutt those who attack you in melee.
You have a pair of horns on your head.


Message History

You are lethally poisoned!
The killer bee poisons you!
You miss the killer bee. Your headbutt misses the killer bee.
The killer bee is severely wounded.
* * * LOW HITPOINT WARNING * * *
You feel sick. The killer bee stings you.
* * * LOW HITPOINT WARNING * * *
You are more poisoned.
The killer bee poisons you! The killer bee barely misses you.
You furiously retaliate!
You headbutt the killer bee!
You kill the killer bee!
Trog accepts your kill. The killer bee stings you.
* * * LOW HITPOINT WARNING * * *
You miss the killer bee.
* * * LOW HITPOINT WARNING * * *
You feel sick. The killer bee closely misses you. The killer bee misses you.
You furiously retaliate!
You headbutt the killer bee! The killer bee stings you.
You die...

#.......##.## #..
#..........+ ..
#....>.....#
######'###..# #
#.......##....#
#...รท...#.....##
#.......##.....#
#.......##.......
#.......@y.......
##########......
....# ...# ... ..
.


You could see a killer bee.

Vanquished Creatures
  5 killer bees (D:4)
  Jessica (D:2)
  2 adders (D:3)
  2 dart slugs
  6 leopard geckos
  4 giant cockroaches
  2 goblins
  6 hobgoblins
  4 kobolds
  A ball python (D:1)
  10 bats
  5 frilled lizards
  4 rats
52 creatures vanquished.

Notes
Turn   | Place    | Note
-------+----------+-------------------------------------------
     0 | D:1      | JiminyMac the Minotaur Berserker began the quest for the Orb.
     0 | D:1      | Reached XP level 1. HP: 19/19 MP: 0/0
   125 | D:1      | Reached XP level 2. HP: 25/27 MP: 1/1
   129 | D:1      | Reached skill level 4 in Axes
   873 | D:1      | Reached XP level 3. HP: 24/33 MP: 2/2
  1096 | D:2      | Noticed Jessica
  1117 | D:2      | Killed Jessica
  1165 | D:2      | Found a faded altar of an unknown god.
  1173 | D:2      | Reached ** piety under Trog
  1533 | D:3      | Reached skill level 5 in Axes
  1533 | D:3      | Reached XP level 4. HP: 37/40 MP: 3/3
  1872 | D:3      | Found a bloodstained altar of Trog.
  2496 | D:4      | Reached XP level 5. HP: 42/47 MP: 4/4
  2502 | D:4      | Reached skill level 5 in Fighting
  2502 | D:4      | Reached skill level 6 in Axes
  2507 | D:4      | Reached XP level 6. HP: 31/56 MP: 5/5
  2511 | D:4      | HP: 2/56 [poisoned by a killer bee]
  2511 | D:4      | Slain by a killer bee

Vault maps used:
D:1:      scummos_arrival_simple_fountains
D:2:      chequers_ecumenical_altar_simple_redux, uniq_jessica
D:3:      nicolae_overflow_hidden_temple, amethyst_killhole,
          minmay_misc_feat_nine_boxes
D:4:      cheibrodos_greedy_goblins, corner_web_ring

Skill      XL: |  1  2  3  4  5 |
---------------+----------------+-----
Axes           | 4 5 6 |  6.6
Armour         | 3 4 |  4.3
Fighting       | 4 5 |  5.2
Dodging        | |  2.1

Action                   |  1- 3 |  4- 6 || total
-------------------------+-------+-------++-------
Melee: Hand axe          |    89 |    55 ||   144
       Headbutt          |     4 |     3 ||     7
Invok: Berserk           |     1 |     1 ||     2
  Use: Scroll            |     3 |     1 ||     4
 Stab: Sleeping          |     1 |     1 ||     2
  Eat: Chunk             |     3 |     3 ||     6
Armor: Animal skin       |    22 |    16 ||    38
Dodge: Dodged            |    74 |    42 ||   116
